Map: Abyssal Reef LE

Players

TYTY (TY) - Winner!

  • Race: Terran Terran
  • Spawn Location: 11:00

Snute

  • Race: Zerg Zerg
  • Spawn Location: 5:00

Event: 2017 WCS Global Finals

VOD

Have the link to the VOD?

Description

Time

  • Played on: Oct. 27, 2017, 1:08 p.m.
  • Length: 18:59

All games in this series

Show
View Real Time Build Order
Export as new Build Order

TYTY Terran - Winner!

Build Orders: Bio Tank 

Get SALT Encoding   

  12  0:00  SCV  
  13  0:12  SCV  
  14  0:18  Supply Depot  
  14  0:24  SCV  
  15  0:40  SCV  
  15  0:42  Barracks  
  16  0:44  Refinery  
  16  0:52  SCV  
  17  1:04  SCV  
  18  1:16  SCV  
  19  1:28  Marine  
  19  1:29  Orbital Command  
  20  1:40  Command Center  
  20  1:51  Factory  
  20  1:53  Marine  
  21  1:58  SCV  
  22  2:04  Supply Depot  
  22  2:10  SCV  
  22  2:12  Barracks Reactor  
  23  2:16  Refinery  
  23  2:26  SCV  
  24  2:38  SCV  
  24  2:41  Starport  
  25  2:50  SCV  
  30  2:51  Hellion x2  
  30  2:52  Orbital Command  
  30  3:02  SCV  
  30  3:03  Barracks Tech Lab  
  31  3:12  Widow Mine x2  
  35  3:14  SCV  
  35  3:17  Medivac  
  35  3:18  SCV  
  39  3:24  Supply Depot  
  39  3:26  SCV  
  40  3:30  SCV  
  41  3:38  SCV  
  42  3:42  Supply Depot, SCV  
  42  3:43  Hellion  
  42  3:46  Hellion  
  47  3:50  SCV  
  47  3:51  Supply Depot  
  47  3:55  Raven  
  50  3:59  SCV  
  51  4:04  Hellion  
  51  4:06  SCV  
  53  4:11  SCV  
  52  4:18  SCV  
  52  4:23  SCV  
  54  4:32  SCV  
  54  4:36  Command Center, SCV  
  54  4:38  Marine x2  
  58  4:39  Raven  
  58  4:41  Factory Tech Lab  
  58  4:44  SCV  
  61  4:48  SCV  
  61  4:49  Supply Depot  
  62  4:55  Marine x2  
  62  4:57  SCV  
  65  5:01  SCV  
  60  5:09  SCV  
  60  5:13  SCV, Marine x2  
  61  5:21  SCV  
  61  5:24  Engineering Bay x2  
  61  5:25  SCV  
  63  5:29  Barracks  
  63  5:30  Refinery  
  63  5:32  Refinery  
  63  5:33  SCV, Factory Reactor  
  63  5:35  Barracks, Starport Reactor  
  64  5:37  SCV  
  64  5:42  Marine  
  64  5:45  SCV  
  64  5:47  Stimpack  
  64  5:49  SCV  
  66  5:50  Orbital Command  
  66  5:54  Terran Infantry Weapons Level 1  
  66  5:57  Barracks, SCV  
  66  5:59  Barracks  
  66  6:00  Marine  
  66  6:01  SCV  
  69  6:09  SCV  
  69  6:10  Widow Mine x2  
  74  6:13  Orbital Command, SCV  
  74  6:15  Terran Infantry Armor Level 1  
  74  6:16  Marine  
  74  6:17  Marine  
  77  6:20  Medivac x2  
  77  6:22  SCV  
  83  6:25  SCV  
  83  6:27  Barracks  
  83  6:29  Barracks  
  83  6:31  Marine  
  84  6:33  Supply Depot  
  84  6:34  SCV, Marine  
  84  6:35  Marine  
  84  6:37  SCV  
  84  6:38  Supply Depot  
  88  6:40  Widow Mine x2  
  88  6:41  SCV  
  88  6:42  Marine  
  88  6:46  SCV  
  90  6:47  Barracks Reactor  
  90  6:48  Barracks Reactor  
  90  6:49  SCV  
  90  6:53  Armory, SCV  
  92  6:54  Medivac  
  92  6:58  SCV  
  92  6:59  Marine x3  
  92  7:00  Marine  
  99  7:02  Supply Depot  
  99  7:03  SCV  
  99  7:05  Medivac  
  102  7:11  SCV x2  
  102  7:14  Refinery, Combat Shields  
  104  7:16  Barracks Reactor, Marine  
  104  7:19  Barracks Reactor  
  104  7:21  SCV, Marine x3  
  108  7:23  SCV  
  108  7:27  SCV  
  114  7:31  Supply Depot, Marine x2  
  114  7:34  Supply Depot, Marine x3  
  117  7:39  Factory Tech Lab  
  117  7:40  Marine  
  117  7:42  Supply Depot  
  117  7:43  Supply Depot  
  117  7:52  Terran Infantry Weapons Level 2  
  117  7:53  Command Center, Marine x2  
  117  7:58  Marauder, Marine x5  
  118  7:59  Marauder  
  118  8:04  Marine x2  
  127  8:06  Marine  
  127  8:11  Marine x2  
  120  8:16  Medivac x2, Marine  
  120  8:17  Marine x3  
  120  8:18  SCV  
  120  8:19  SCV  
  127  8:21  Terran Infantry Armor Level 2  
  127  8:24  Marine, Siege Tank  
  129  8:27  SCV  
  129  8:30  Refinery  
  129  8:31  Factory  
  124  8:37  Marauder, Marine x3  
  124  8:41  SCV x2  
  130  8:44  Factory, Marine x5  
  135  8:50  Medivac x2  
  135  8:53  Marine x3  
  142  8:57  Supply Depot  
  142  8:59  SCV x2  
  144  9:03  Supply Depot, Siege Tank  
  144  9:07  SCV  
  149  9:11  Orbital Command  
  149  9:15  Supply Depot  
  149  9:16  Factory Tech Lab, Marine x7  
  155  9:18  SCV  
  155  9:21  Marauder x2  
  160  9:26  Medivac x2  
  160  9:27  Marine x3  
  160  9:30  Factory Tech Lab  
  167  9:36  Siege Tank  
  167  9:38  Marine x4  
  173  9:42  Marine x4  
  173  9:44  Liberator x2  
  163  9:48  Siege Tank  
  163  9:49  Siege Tank  
  163  9:50  Marine x4  
  171  9:54  SCV x3  
  171  9:56  Refinery  
  171  9:58  Refinery  
  176  10:02  Marine x4  
  176  10:06  Marine x4  
  186  10:08  Terran Vehicle Weapons Level 1  
  186  10:13  Siege Tank  
  188  10:21  Supply Depot  
  188  10:22  Supply Depot  
  188  10:27  Marine  
  188  10:34  Supply Depot  
  188  10:42  Marine x8  
  196  10:43  Medivac, Marine x3  
  196  10:47  Siege Tank  
  196  10:48  Marine, Siege Tank  
  196  10:57  Siege Tank  
  196  11:00  Marine  
  196  11:02  Terran Infantry Weapons Level 3, Terran Infantry Armor Level 3  
  200  11:09  Command Center, Marine x2  
  189  11:18  Marine x3  
  189  11:20  Siege Tank  
  189  11:21  Siege Tank  
  189  11:24  SCV x2  
  198  11:27  Marauder x2  
  199  11:35  Marine x4  
  199  11:37  Marine x4  
  196  11:40  Marine x2  
  196  11:44  Medivac  
  197  11:55  Marauder, Marine  
  197  11:59  Starport  
  199  12:02  Viking  
  199  12:03  Command Center  
  199  12:04  Marine x5  
  199  12:05  Command Center  
  199  12:06  Marine x4  
  194  12:16  Siege Tank x2  
  194  12:17  Marine  
  194  12:21  Marine x2  
  194  12:22  Marine x4  
  193  12:25  Siege Tank  
  193  12:26  Viking  
  193  12:27  Planetary Fortress  
  192  12:32  Viking  
  178  12:38  Marine x2  
  178  12:39  Marine x4  
  178  12:41  Marine x4  
  171  12:55  Siege Tank x2  
  171  12:56  Viking  
  175  12:59  Starport Reactor  
  175  13:00  SCV x3  
  175  13:02  Viking  
  181  13:05  Siege Tank  
  181  13:10  Marauder x2, Marine x4  
  189  13:16  Orbital Command  
  189  13:25  Sensor Tower  
  192  13:39  Medivac x2  
  199  13:42  Medivac x2, Siege Tank  
  199  14:05  Marine  
  199  14:06  Marine x3  
  199  14:08  Marine x4  
  193  14:10  Marine x4  
  193  14:12  Medivac x2  
  192  14:20  Medivac x2  
  192  14:23  Marine x4  
  181  14:25  Marine x2  
  181  14:26  Marine x2  
  181  14:28  Marine x4  
  185  14:35  Orbital Command  
  182  14:41  Marine x4  
  182  14:42  Medivac x2  
  182  14:43  Marine x4  
  188  14:47  Marauder x2  
  188  14:48  Terran Vehicle Weapons Level 2  
  188  14:50  Armory, Marine x2  
  188  14:51  Building Armor  
  197  15:08  Marauder  
  195  15:14  Medivac x2, Command Center  
  195  15:15  Barracks x2  
  195  15:21  Missile Turret  
  199  15:22  Sensor Tower  
  199  15:26  Marine  
  192  15:43  Marine x4  
  192  15:44  Medivac x2  
  192  15:46  Viking x2  
  193  15:51  Marine x4  
  193  15:52  Marine x4  
  191  15:57  SCV x2  
  191  16:01  Marine x4  
  189  16:05  Siege Tank  
  189  16:06  Terran Ship Weapons Level 1, Siege Tank  
  189  16:10  SCV x2  
  191  16:14  Viking x2  
  191  16:15  Barracks Tech Lab x2  
  191  16:16  Viking  
  191  16:17  Barracks Reactor, Marine x4  
  198  16:23  Marine x6  
  186  16:25  Viking  
  186  16:27  Siege Tank  
  190  16:35  Marauder x2, Marine x4  
  190  16:38  Planetary Fortress  
  198  16:40  Missile Turret  
  198  16:44  Viking  
  200  16:58  Barracks  
  200  16:59  Barracks  
  200  17:04  Terran Vehicle And Ship Armor Level 1  
  190  17:09  Viking x2  
  190  17:14  Marine x4  
  198  17:16  Marine x2  
  189  17:23  Marine x4  
  189  17:24  Viking x2  
  189  17:25  Marine x5  
  189  17:26  Siege Tank  
  197  17:31  Marine x2  
  197  17:32  Marine x2  
  197  17:34  Marine x2  
  196  17:41  Marine x4  
  196  17:42  Marine x2  
  200  17:45  Concussive Shells  
  200  17:49  Marine x2  
  200  17:50  Marine x4  
  181  17:58  Medivac x2  
  159  17:59  Marine x2  
  159  18:00  Marauder x2, Marine x2  
  159  18:05  Medivac x2, Siege Tank x3  
  154  18:06  Marauder, Marine x4  
  154  18:07  Marine x2  
  154  18:08  Marine  
  154  18:09  Marine x3  
  168  18:16  SCV x3  
  168  18:17  Marine x3  
  168  18:18  Marine  
  175  18:21  Marauder x2  
  175  18:24  Marine x4  
  175  18:25  Marine x3  
  181  18:34  Marine x4  
  173  18:35  Marine x2  
  173  18:37  Marine x2  
  160  18:41  SCV  
  160  18:42  SCV  
Show
View Real Time Build Order
Export as new Build Order

Snute Zerg 

Build Orders: Pool First 

Get SALT Encoding   

  12  0:00  Drone  
  13  0:12  Overlord  
  13  0:16  Drone  
  14  0:30  Drone x2  
  14  0:34  Drone  
  17  0:44  Spawning Pool  
  17  0:48  Drone  
  17  1:09  Hatchery  
  17  1:10  Drone  
  17  1:14  Drone  
  17  1:17  Extractor  
  17  1:18  Drone  
  18  1:31  Queen  
  18  1:32  Zergling x2  
  21  1:39  Overlord  
  21  1:49  Drone  
  22  2:01  Drone  
  22  2:06  Queen  
  25  2:10  Drone  
  26  2:17  Metabolic Boost  
  26  2:20  Queen  
  26  2:21  Drone  
  29  2:23  Drone  
  30  2:32  Overlord, Drone  
  31  2:38  Drone x2  
  31  2:41  Drone  
  31  2:43  Drone  
  35  2:45  Drone  
  36  2:53  Drone  
  36  2:55  Drone  
  38  3:05  Overlord  
  38  3:07  Hatchery  
  38  3:12  Zergling x6  
  40  3:15  Zergling x4  
  40  3:18  Zergling x2  
  40  3:19  Zergling x2  
  44  3:23  Overlord  
  44  3:27  Queen  
  44  3:33  Overlord  
  46  3:36  Queen  
  46  3:38  Drone  
  46  3:40  Drone  
  50  3:44  Drone x3  
  50  3:47  Drone  
  54  3:49  Drone  
  54  3:50  Drone  
  54  3:53  Drone  
  54  3:55  Drone  
  58  3:56  Zergling x2  
  58  3:59  Spore Crawler  
  58  4:07  Zergling x4  
  58  4:09  Queen  
  56  4:12  Zergling x2  
  56  4:13  Queen  
  57  4:19  Drone  
  57  4:20  Drone  
  57  4:22  Drone x3  
  57  4:23  Drone  
  63  4:30  Drone  
  64  4:32  Drone x2  
  64  4:37  Overlord  
  66  4:41  Drone x3  
  66  4:42  Queen, Drone  
  66  4:44  Drone  
  73  4:51  Evolution Chamber, Drone  
  73  4:53  Evolution Chamber, Drone x2  
  73  4:57  Zergling x8  
  76  5:02  Overlord  
  76  5:03  Drone x2  
  76  5:04  Drone  
  79  5:08  Drone  
  79  5:11  Spore Crawler  
  77  5:15  Spore Crawler  
  77  5:16  Drone x3  
  77  5:20  Drone  
  77  5:21  Drone  
  74  5:23  Zerg Missile Weapons Level 1  
  74  5:27  Drone x2  
  75  5:29  Drone x2  
  75  5:34  Zerg Ground Armor Level 1  
  77  5:37  Drone x2  
  77  5:40  Drone x2  
  77  5:42  Drone  
  82  5:44  Extractor  
  82  5:48  Drone x3  
  82  5:49  Drone  
  84  5:54  Drone  
  85  5:59  Drone x2  
  85  6:00  Extractor, Drone x2  
  85  6:01  Extractor  
  86  6:05  Drone x3  
  86  6:09  Lair  
  86  6:10  Overlord  
  89  6:11  Extractor  
  89  6:12  Extractor  
  89  6:18  Drone x3, Hatchery  
  89  6:21  Roach Warren  
  89  6:23  Drone x2  
  89  6:24  Overlord  
  89  6:31  Drone  
  90  6:33  Overlord  
  88  6:41  Zergling x2  
  88  6:42  Zergling x10  
  94  6:55  Overlord x2  
  94  6:57  Drone  
  94  7:01  Overlord x2  
  94  7:02  Roach  
  94  7:03  Roach x4  
  94  7:06  Extractor, Glial Reconstitution  
  94  7:08  Infestation Pit, Roach x2  
  106  7:10  Extractor  
  106  7:12  Roach  
  106  7:14  Roach  
  109  7:19  Roach x4  
  114  7:32  Drone x4  
  114  7:34  Drone x6  
  122  7:40  Drone x2  
  122  7:42  Drone  
  122  7:43  Zerg Ground Armor Level 2  
  121  7:48  Overlord  
  121  7:57  Roach x3  
  121  7:58  Roach x4  
  135  8:04  Overlord x2  
  135  8:05  Roach x4  
  143  8:08  Overlord  
  143  8:11  Evolution Chamber  
  141  8:13  Roach x4  
  141  8:16  Roach x2  
  144  8:25  Drone x3  
  144  8:26  Drone x3  
  145  8:31  Drone  
  145  8:32  Drone x3  
  145  8:33  Drone x2  
  146  8:36  Infestor x2  
  146  8:37  Drone  
  146  8:38  Drone  
  146  8:41  Drone  
  149  8:47  Roach x3  
  151  8:53  Zerg Missile Weapons Level 2  
  151  8:54  Hive  
  151  8:58  Spire  
  151  8:59  Ravager  
  151  9:00  Ravager  
  151  9:01  Ravager  
  151  9:02  Burrow, Ravager  
  154  9:03  Infestor  
  156  9:14  Roach x5, Spore Crawler  
  156  9:16  Ravager x2, Spore Crawler  
  166  9:18  Overlord  
  166  9:23  Roach  
  166  9:24  Roach x3  
  172  9:38  Roach x7  
  174  9:39  Roach  
  188  9:51  Roach x3  
  191  9:54  Overlord  
  191  9:56  Drone x2  
  191  9:59  Overlord x2  
  192  10:03  Zerg Melee Weapons Level 1  
  192  10:13  Greater Spire  
  180  10:39  Spore Crawler x2  
  174  10:46  Corruptor x4  
  174  10:47  Corruptor  
  176  10:53  Spore Crawler  
  176  10:55  Corruptor x2  
  177  10:57  Queen x2  
  177  10:58  Queen x2  
  185  11:04  Ravager  
  185  11:05  Ravager  
  185  11:10  Zerg Missile Weapons Level 3  
  188  11:26  Brood Lord x6  
  189  11:39  Ravager x4  
  179  11:43  Drone x4  
  179  11:44  Drone x4  
  179  11:57  Brood Lord  
  181  12:04  Drone x3  
  184  12:10  Drone x5  
  175  12:21  Zerg Ground Armor Level 3  
  171  12:26  Drone  
  171  12:27  Drone  
  172  12:33  Drone x4  
  163  12:56  Queen x2, Infestor  
  163  12:57  Infestor x2  
  171  13:00  Drone  
  171  13:01  Drone  
  171  13:03  Drone  
  174  13:10  Ravager x3  
  177  13:23  Roach x2  
  181  13:29  Hatchery  
  178  13:34  Viper x2  
  178  13:35  Viper  
  187  13:44  Zerg Flyer Armor Level 1  
  187  13:49  Zerg Melee Weapons Level 2  
  187  13:52  Spore Crawler  
  186  13:56  Spore Crawler  
  159  14:10  Roach x9  
  157  14:26  Roach x4  
  162  14:33  Drone x3  
  162  14:38  Drone x2  
  161  14:42  Drone  
  161  14:43  Drone  
  163  14:46  Drone  
  163  14:49  Ravager x2  
  166  14:53  Ravager  
  166  14:54  Ravager x3  
  170  15:00  Drone x3  
  170  15:02  Drone  
  170  15:03  Drone  
  175  15:08  Queen  
  177  15:18  Drone  
  177  15:19  Drone x2  
  182  15:24  Spore Crawler  
  148  16:01  Drone x6  
  148  16:03  Drone x2  
  140  16:10  Roach x7  
  140  16:11  Roach x2  
  156  16:14  Infestor x2  
  148  16:29  Infestor x4  
  148  16:31  Ravager x4  
  148  16:32  Roach x2, Queen, Hatchery  
  164  16:38  Roach x2  
  169  16:59  Roach  
  169  17:00  Roach x8  
  187  17:08  Roach x2  
  187  17:21  Roach x9  
  178  17:25  Roach x2  
  178  17:29  Roach x9  
  184  17:36  Infestor x6  
  166  17:38  Roach  
  166  17:43  Roach x2  
  141  17:46  Roach  
  141  17:50  Roach x4  
  131  17:53  Roach x2  
  115  18:02  Roach x4  
  111  18:07  Hatchery  
  110  18:14  Roach  
  106  18:29  Roach x2  
Tags
 
Add a new tag
Caveats
  • Supply blocks, unpowered buildings, or Contaminate may cause inaccurate times.
  • Supply counts are checked every 10 seconds.